 Dungeon Crawl Stone Soup version 0.23-a0-586-gacb4b3f4ce (webtiles) character file.

239 Naow the Chopper (level 6, 0/48 HPs)
             Began as a Formicid Fighter on Dec 18, 2018.
             Slain by a scorpion (6 damage)
             ... on level 4 of the Dungeon.
             The game lasted 00:03:02 (2891 turns).

Naow the Chopper (Formicid Fighter)                 Turns: 2891, Time: 00:03:03

Health: 0/48       AC:  7    Str: 23    XL:     6   Next: 29%
Magic:  6/6        EV:  8    Int:  7    God:
Gold:   181        SH:  9    Dex: 10    Spells: 5/5 levels left

rFire    . . .     SeeInvis +   a - +0 war axe
rCold    . . .     Gourm    .   c - +0 shield
rNeg     . . .     Faith    .   b - +0 scale mail
rPois    .         Spirit   .   (helmet unavailable)
rElec    .         Reflect  .   (no cloak)
rCorr    .         Harm     .   (no gloves)
MR       .....                  (no boots)
Stlth    ..........             (no amulet)
HPRegen  0.16/turn              (no ring)
MPRegen  0.10/turn              (no ring)

@: lethally poisoned (0 -> -9)
A: permanent stasis, dig shafts and tunnels, four strong arms, antennae 3
a: Dig, Shaft Self


You were on level 4 of the Dungeon.
You were near starving.

You visited 1 branch of the dungeon, and saw 4 of its levels.

You collected 181 gold pieces.

Inventory:

Hand Weapons
 a - a +0 war axe (weapon)
Armour
 b - a +0 scale mail (worn)
 c - a +0 shield (worn)
Jewellery
 g - an uncursed amulet of the acrobat {unknown}
 j - an uncursed amulet of magic regeneration {unknown}
 l - an uncursed ring of protection from fire {unknown}
Wands
 n - a wand of random effects (21)
Scrolls
 e - a scroll of teleportation {unknown}
 h - a scroll of immolation {unknown}
 i - 5 scrolls of identify {unknown}
 k - a scroll of enchant armour {unknown}
 m - a scroll of remove curse {unknown}
Potions
 d - a potion of might
 o - a potion of berserk rage
Comestibles
 f - 5 rations


   Skills:
 + Level 4.0 Fighting
 * Level 5.3 Axes
 + Level 4.0 Armour
 - Level 3.6 Shields


You had 5 spell levels left.
You didn't know any spells.
Your spell library was empty.

Dungeon Overview and Level Annotations

Branches:
Dungeon (4/15)
 Temple: D:4-7

Altars:
Fedhas
Makhleb
Nemelex Xobeh
Ru
Uskayaw
Vehumet
Xom
The Shining One

Shops:
D:4 %


Innate Abilities, Weirdness & Mutations

You cannot be hasted, slowed, berserked, paralysed or teleported.
You can dig through walls and to a lower floor.
Your four strong arms can wield two-handed weapons with a shield.
You have a pair of large antennae on your head. (SInv)


Message History

You feel sick.
The scorpion stings you but does no damage.
Your shield and scale mail prevent you from hitting the scorpion.
The scorpion is almost dead.
* * * LOW HITPOINT WARNING * * *
You feel sick. You block the scorpion's attack.
The scorpion closely misses you.
It was a potion of berserk rage.
Your stasis prevents you from going berserk.
* * * LOW HITPOINT WARNING * * *
You feel sick. The scorpion closely misses you.
You closely miss the scorpion.
The scorpion is almost dead.
* * * LOW HITPOINT WARNING * * *
You feel sick. You block the scorpion's attack.
You hit the scorpion but do no damage.
The scorpion is almost dead.
* * * LOW HITPOINT WARNING * * *
You feel sick. The scorpion stings you.
You die...

#.# #.## { #.. ...# #..#
#..### #..# #.... #..#
#..# ### #..#
####..#..... ######..#
#...@s......
........#####.##..#.####
..∩.>................
####.#..###.####..#..#
##......# #.# #.......
.#......# #.# #........
#.......# #.# #.#######
.#......# #.# #.#
........###.#


You could see a scorpion.

Vanquished Creatures
  A phantom (D:4)
  An orc wizard (D:3)
  A gnoll (D:1)
  5 adders
  An ooze (D:2)
  2 worms
  A dart slug (D:1)
  6 orcs (D:3)
  A giant cockroach (D:3)
  5 goblins
  3 hobgoblins
  9 kobolds
  2 ball pythons (D:1)
  7 bats
  3 frilled lizards
  3 rats
51 creatures vanquished.

Notes
Turn   | Place    | Note
-------+----------+-------------------------------------------
     0 | D:1      | Naow the Formicid Fighter began the quest for the Orb.
     0 | D:1      | Reached XP level 1. HP: 18/18 MP: 1/1
   196 | D:1      | Reached skill level 3 in Axes
   196 | D:1      | Reached XP level 2. HP: 22/24 MP: 2/2
   463 | D:1      | Reached XP level 3. HP: 27/29 MP: 3/3
   843 | D:2      | Found a hide-covered altar of Uskayaw.
   847 | D:2      | Found a blossoming altar of Fedhas.
   847 | D:2      | Found a burning altar of Makhleb.
   921 | D:2      | Found a shimmering altar of Xom.
   978 | D:2      | Reached skill level 4 in Axes
   978 | D:2      | Reached XP level 4. HP: 31/35 MP: 4/4
  1642 | D:3      | Found a sparkling altar of Nemelex Xobeh.
  1682 | D:3      | Reached XP level 5. HP: 6/41 MP: 5/5
  2069 | D:3      | Found a radiant altar of Vehumet.
  2075 | D:3      | Found a glowing golden altar of the Shining One.
  2083 | D:3      | Found a sacrificial altar of Ru.
  2474 | D:3      | Found a faded altar of an unknown god.
  2522 | D:4      | Noticed a phantom
  2564 | D:4      | Killed a phantom
  2564 | D:4      | Reached skill level 5 in Axes
  2564 | D:4      | Reached XP level 6. HP: 9/48 MP: 6/6
  2857 | D:4      | Found Wawiesum's Food Shoppe.
  2891 | D:4      | Slain by a scorpion

Vault maps used:
D:1:      saegor_arrival_simple_d, minmay_shallow_snake_nest
D:2:      xom_butterflies, grunt_temple_overflow_open, minivault_25
D:3:      grunt_temple_overflow_diamond, nicolae_overflow_crystal_walls,
          chequers_ecumenical_altar_simple
D:4:      gup_sewer_entry_pipe, serial_shops, shop, guppyfry_early_lair_pool

Skill      XL: |  1  2  3  4  5 |
---------------+----------------+-----
Axes           | 3 4 5 |  5.3
Fighting       | 4 |  4.0
Armour         | 4 |  4.0
Shields        | |  3.6

Action                   |  1- 3 |  4- 6 || total
-------------------------+-------+-------++-------
Melee: War axe           |    72 |   135 ||   207
  Use: Potion            |       |     1 ||     1
  Eat: Chunk             |       |     5 ||     5
Armor: Scale mail        |    30 |    42 ||    72
Dodge: Dodged            |    26 |    60 ||    86
Block: Shield            |    36 |    72 ||   108

Table legend:
 A = Non-vault XP
 B = Vault XP
 C = Vault XP percentage of total XP
 D = Non-vault monster count
 E = Vault monster count
 F = Vault count percentage of total count
                 A         B        C        D         E       F
            +---------+---------+-------+---------+---------+-------
      Total |     340 |       2 |   0.6 |      49 |       2 |   3.9
            +---------+---------+-------+---------+---------+-------
        D:1 |      33 |       2 |   5.7 |      11 |       2 |  15.4
        D:2 |      53 |       0 |   0.0 |      14 |       0 |   0.0
        D:3 |     120 |       0 |   0.0 |      22 |       0 |   0.0
        D:4 |     134 |       0 |   0.0 |       2 |       0 |   0.0
            +---------+---------+-------+---------+---------+-------
